 Dungeon Crawl Stone Soup version 0.26-a0-784-g51bffae0b1 (webtiles) character file.

Game seed: 4533398020383751851

686 Bliebski the Insei (level 7, -6/46 HPs)
             Began as an Octopode Transmuter on Nov 9, 2020.
             Was an Initiate of Ru.
             Splashed by a jelly's acid (8 damage)
             ... on level 5 of the Dungeon on Nov 10, 2020.
             The game lasted 00:17:20 (6212 turns).

Bliebski the Insei (Octopode Transmuter)            Turns: 6212, Time: 00:17:21

Health: -6/46      AC: -7    Str:  9    XL:     7   Next: 62%
Magic:  12/12      EV: 15    Int: 16    God:    Ru [......]
Gold:   266        SH:  0    Dex: 14    Spells: 12/13 levels left

rFire    . . .     SeeInvis .   n - +0 dagger (venom)
rCold    . . .     Faith    .   (no shield)
rNeg     . . .     Spirit   .   (helmet restricted)
rPois    .         Reflect  .   (no amulet)
rElec    .         Harm     .   j - ring of protection from magic
rCorr    .         Rampage  .   (no ring)
MR       +....                  (no ring)
Stlth    ++........             (no ring)
HPRegen  0.15/turn              (no ring)
MPRegen  0.13/turn              (no ring)
                                (no ring)
                                (no ring)

@: corroded, attractive
A: almost no armour, stealthy swim, amphibious, 8 rings, constrict 8, camouflage
1, gelatinous body 1
a: Renounce Religion


You were on level 5 of the Dungeon.
You worshipped Ru.
Ru was noncommittal.
You visited 2 branches of the dungeon, and saw 6 of its levels.

You collected 304 gold pieces.
You spent 38 gold pieces at shops.

Inventory:

Hand Weapons
 n - a +0 dagger of venom (weapon)
Missiles
 d - 213 stones (quivered)
 o - 4 boomerangs
Magical Staves
 x - an uncursed staff of earth {unknown}
Jewellery
 j - a ring of protection from magic (left tentacle)
Wands
 m - a wand of disintegration (1)
Scrolls
 a - 2 scrolls of amnesia {unknown}
 b - 10 scrolls of identify {unknown}
 f - 4 scrolls of enchant weapon {unknown}
 h - a scroll of fog {unknown}
 k - 2 scrolls of teleportation {unknown}
 p - a scroll of magic mapping
 r - a scroll of noise {unknown}
 t - a scroll of remove curse {unknown}
Potions
 c - a potion of haste {unknown}
 e - 2 potions of attraction
 g - a potion of degeneration {unknown}
 i - a potion of berserk rage {unknown}
 l - a potion of magic {unknown}
 q - a potion of cancellation {unknown}
 s - a potion of experience {unknown}
 u - a potion of curing {unknown}
 v - a potion of might {unknown}
 w - a potion of ambrosia {unknown}


   Skills:
 + Level 3.5 Fighting
 + Level 4.1 Dodging
 + Level 4.7 Unarmed Combat
 + Level 3.7 Spellcasting
 + Level 4.0 Transmutations


You had 12 spell levels left.
You knew the following spells:

 Your Spells              Type           Power        Failure   Level
a - Beastly Appendage     Tmut           ###...       3%          1

Your spell library contained the following spells:

 Spells                   Type           Power        Failure   Level
 Wereblood                Tmut           ###.....     4%          2
 Spider Form              Tmut/Pois      #.........   22%         3
 Confusing Touch          Hex            #.......     45%         3
 Gell's Gravitas          Tloc           #.........   45%         3
 Ice Form                 Ice/Tmut       #.......     58%         4
 Petrify                  Tmut/Erth      #.......     58%         4
 Blade Hands              Tmut           ###.......   65%         5
 Yara's Violent Unravell  Hex/Tmut       #.........   91%         5
 Metabolic Englaciation   Hex/Ice        #.........   99%         5


Dungeon Overview and Level Annotations

Branches:
Dungeon (5/15)             Temple (1/1) D:4

Altars:
Ashenzari
Cheibriados
Dithmenos
Elyvilon
Fedhas
Hepliaklqana
Kikubaaqudgha
Nemelex Xobeh
Ru
Sif Muna
Trog
Uskayaw
Vehumet
Wu Jian
Xom
Yredelemnul
Zin
The Shining One

Shops:
D:4 ?=}(


Innate Abilities, Weirdness & Mutations

You cannot wear most types of armour.
You are very stealthy in the water. (Stealth+)
You are amphibious.
You can wear up to eight rings at the same time.
You can use your tentacles to constrict eight enemies at once.
Your skin changes colour to match your surroundings (Stealth+).
Your rubbery body absorbs attacks. (AC +1, EV +1)


Message History

The jelly hits you. The acid corrodes you!
You are splashed with acid!
You hit the jelly but do no damage.
The jelly is poisoned.
Your tentacles burn!
You squeeze the jelly.
The jelly is heavily wounded.
The jelly misses you.
You hit the jelly but do no damage.
The jelly looks even sicker.
The acid corrodes you!
Your tentacles burn!
* * * LOW HITPOINT WARNING * * *
You tentacle-slap the jelly, but do no damage.
The jelly is heavily wounded.
The jelly hits you.
* * * LOW HITPOINT WARNING * * *
The acid corrodes you!
You are splashed with acid!
* * * LOW HITPOINT WARNING * * *
It was a potion of attraction.
You feel attractive to monsters. The jelly hits you.
* * * LOW HITPOINT WARNING * * *
You are splashed with acid!
You die...

.########)#.# #.#
........#.#.# #.#
.######.#.#.# #.#
.######.#.#.# #.#
.#..........####.######
##.####.........).)...#
............####.####.#
#..#####....# #)#
#..##......## #@#
#..##.#.#...###J##
#....#......)....#
#...#.###..####..#
##...........###..#
#.#..#.##.###.##..#
.##..#.##.# #.....#
###.......# #.###.#
####.#.###...## #.#


You could see a jelly (very poisoned).

Vanquished Creatures
  Grinder (D:4)
  Edmund (D:4)
  A bullfrog skeleton (D:4)
  A hound (D:3)
  2 orc wizards
  A worker ant (D:4)
  3 gnolls
  8 adders
  An ooze (D:1)
  4 worms (D:2)
  5 dart slugs
  2 leopard geckos (D:1)
  13 orcs
  6 bats
  5 giant cockroaches
  11 hobgoblins
  5 jackals
  3 quokkas
  2 ball pythons (D:2)
  5 frilled lizards
  7 goblins
  6 kobolds
  A leopard gecko skeleton (D:4)
  8 rats
102 creatures vanquished.

Vanquished Creatures (others)
  7 fungi (D:4)
7 creatures vanquished.

Grand Total: 109 creatures vanquished

Notes
Turn   | Place    | Note
-------+----------+-------------------------------------------
     0 | D:1      | Bliebski the Octopode Transmuter began the quest for the
                  | Orb.
     0 | D:1      | Reached XP level 1. HP: 13/13 MP: 3/3
   121 | D:1      | Reached XP level 2. HP: 9/18 MP: 3/5
   353 | D:1      | Reached XP level 3. HP: 6/23 MP: 3/6
  1278 | D:2      | Reached XP level 4. HP: 29/29 MP: 5/7
  2197 | D:2      | Reached XP level 5. HP: 28/34 MP: 6/9
  3010 | D:2      | Upgraded the game from 0.26-a0-774-g1415c89e12 to
                  | 0.26-a0-784-g51bffae0b1
  3728 | D:3      | Reached XP level 6. HP: 41/41 MP: 8/10
  4579 | D:4      | Found Gil Orek's Jewellery Emporium.
  4696 | D:4      | Found Vaihep's Magic Scroll Shoppe.
  4707 | D:4      | Bought a scroll of magic mapping for 38 gold pieces
  4820 | D:4      | Found a staircase to the Ecumenical Temple.
  4843 | Temple   | Entered the Ecumenical Temple
  5033 | Temple   | Became a worshipper of Ru the Awakened
  5131 | D:4      | Noticed Grinder
  5139 | D:4      | Killed Grinder
  5139 | D:4      | Reached XP level 7. HP: 34/46 MP: 9/12
  5228 | D:4      | Found Mesh's Gadget Shop.
  5314 | D:4      | Found Bask's Antique Weapon Shop.
  5438 | D:4      | Noticed Edmund
  5449 | D:4      | Killed Edmund
  5929 | D:5      | Entered Level 5 of the Dungeon
  6212 | D:5      | HP: 2/46 [jelly (1)]
  6212 | D:5      | Splashed by a jelly's acid

Illustrated notes

Levels and vault maps discovered:
D:1:      sevenhm_arrival_forest_fort_small_3, layout_rooms, st_stairs_6
D:2:      wad_river_or_something, layout_loops_ring
D:3:      layout_basic, lemuel_flame_loot_1
D:4:      layout_basic, temple_pool_b, serial_shops, shop, shop,
          nicolae_shop_statue_plus, shop, serial_aquarium,
          aquarium_bridge_long_joined [aquarium_subvault_bridge,
          aquarium_subvault_bridge, aquarium_subvault_bridge,
          aquarium_subvault_window, aquarium_subvault_balcony,
          aquarium_subvault_wall], aquarium_window_double,
          aquarium_window_corner, aquarium_view_2g, aquarium_view_2e,
          aquarium_balcony_double_1, uniq_grinder, uniq_edmund
D:5:      layout_loops_ring, nicolae_gozag_seed_capital
Temple:   dpeg_five_rooms_temple

Skill      XL: |  1  2  3  4  5  6  7 |
---------------+----------------------+-----
Fighting       | 2 3 |  3.5
Dodging        | 3 4 |  4.1
Transmutations | 3 4 |  4.0
Spellcasting   | 3 |  3.7
Unarmed Combat | 4 |  4.7

Action                   |  1- 3 |  4- 6 |  7- 9 || total
-------------------------+-------+-------+-------++-------
Melee: Unarmed           |    75 |   151 |       ||   226
       Constrict         |    24 |    45 |    10 ||    79
       Kick              |    16 |    41 |     3 ||    60
       Tentacles         |     8 |    28 |     7 ||    43
       Punch             |     2 |     2 |     1 ||     5
       Dagger            |       |     7 |    25 ||    32
Throw: Stone             |     2 |     5 |     8 ||    15
 Cast: Beastly Appendage |    24 |    39 |     2 ||    65
Evoke: Wand              |       |     3 |     2 ||     5
  Use: Potion            |       |       |     1 ||     1
 Stab: Sleeping          |     3 |     6 |       ||     9
Armor: Skin              |    13 |     2 |       ||    15
Dodge: Dodged            |    43 |    99 |     8 ||   150

Table legend: (Time is in decaauts)
 A = Elapsed time spent in this place.
 B = Non-inter-level travel time spent in this place.
 C = Inter-level travel time spent in this place.
 D = Time resting spent in this place.
 E = Time spent auto-exploring this place.
 F = Levels seen in this place.
 G = Mean time per level.
                   A        B        C        D        E       F      G
               +--------+--------+--------+--------+--------+-----+--------+
         Total |   6203 |   5760 |    443 |    759 |   4179 |   6 | 1033.8 |
       Dungeon |   5919 |   5564 |    355 |    759 |   3991 |   5 | 1183.8 |
        Temple |    283 |    195 |     88 |      0 |    188 |   1 |  283.0 |
               +--------+--------+--------+--------+--------+-----+--------+

Top non-repeatable levels by time:
     D:2: 2096 daAuts
     D:3: 1337 daAuts
     D:4: 1130 daAuts
     D:1: 1123 daAuts
  Temple: 283 daAuts
     D:5: 231 daAuts
